 Dungeon Crawl Stone Soup version 0.28-a0-1382-g92835e5c71 (webtiles) character file.

Game seed: 6763851616729229021

690 gimp the Skirmisher (level 7, 0/67 (81) HPs)
             Began as a Djinni Wanderer on Jan 2, 2022.
             Was an Initiate of Okawaru.
             Slain by a centaur (5 damage)
             ... on level 5 of the Dungeon.
             The game lasted 00:10:38 (6640 turns).

gimp the Skirmisher (Djinni Wanderer)               Turns: 6640, Time: 00:10:39

HP:   0/67 (81)     AC: 23    Str: 14    XL:     7   Next: 95%
Gold: 83            EV:  2    Int:  9    God:    Okawaru [......] SH:  3 Dex: 16

rFire   . . .      SeeInvis .   b - +0 trident
rCold   . . .      Faith    .   v - +0 buckler
rNeg    . . .      Spirit   .   (armour currently unavailable)
rPois   ∞          Reflect  .   (helmet currently unavailable)
rElec   .          Harm     .   (cloak currently unavailable)
rCorr   .          Rampage  .   (gloves currently unavailable)
Will    .....      NoTele   +   (boots unavailable)
Stlth   +.........              (no amulet)
HPRegen 0.21/turn               (no ring)
MPRegen 0.00/turn               (no ring)

@: tree-form, hasted, heavily drained, slow
A: stationary, stasis, torment immunity, boosted hp, sickness immunity, (fire
resistance 2), (cold vulnerability 1), float, innate caster, hp casting, extra
vitality 1
a: Renounce Religion


You were on level 5 of the Dungeon.
You worshipped Okawaru.
Okawaru was noncommittal.
You were a tree.
You visited 2 branches of the dungeon, and saw 6 of its levels.

You collected 83 gold pieces.

Inventory:

Hand Weapons
 a - a +0 dagger
 b - a +0 trident (weapon)
Missiles
 h - 5 poisoned darts (quivered)
 u - a throwing net
Armour
 c - a +0 helmet (melded)
 d - a +0 leather armour (melded)
 v - a +0 buckler (worn)
Wands
 n - a wand of iceblast (7)
Scrolls
 f - 2 scrolls of teleportation {unknown}
 i - 2 scrolls of magic mapping {unknown}
 j - a scroll of immolation {unknown}
 l - a scroll of fear {unknown}
 m - 5 scrolls of identify {unknown}
 p - a scroll of fog
 q - a scroll of noise {unknown}
 s - a scroll of amnesia {unknown}
Miscellaneous
 e - a box of beasts


   Skills:
 - Level 5.0 Fighting
 * Level 3.8 Polearms
 - Level 4.1 Armour
 - Level 2.1 Dodging
 + Level 0.0 Shields
 - Level 2.0 Unarmed Combat
 - Level 4.0 Evocations


You couldn't memorise any spells.
You knew the following spells:

 Your Spells              Type           Power      Damage    Failure   Level
a - Foxfire               Conj/Fire      0%         2x1d4     56%         1
b - Blink                 Tloc           0%         N/A       71%         2
c - Stone Arrow           Conj/Erth      0%         3d7       90%         3
Your spell library was empty.

Dungeon Overview and Level Annotations

Branches:
Dungeon (5/15)             Temple (1/1) D:5

Altars:
Ashenzari
Cheibriados
Dithmenos
Elyvilon
Fedhas
Gozag
Hepliaklqana
Kikubaaqudgha
Makhleb
Okawaru
Qazlal
Ru
Sif Muna
Trog
Uskayaw
Vehumet
Wu Jian
Xom
Yredelemnul
Zin
The Shining One

Annotations:
D:2 Sigmund


Innate Abilities, Weirdness & Mutations

You are a tree.
Your roots penetrate the ground, keeping you stationary.
You cannot be teleported.
You are immune to unholy pain and torment.
Your maximum health is greatly increased.
Your equipment is partially melded.
You are immune to sickness and miasma.
You are immune to poison.
((Your flesh is very heat resistant. (rF++)))
((You are vulnerable to cold. (rC-)))
You float through the air rather than walking.
You learn spells naturally, not from books.
Your magical power is your life essence.
You have superior vitality. (+4 MHP)


Message History

Your +0 helmet melds into your body.
Your +0 leather armour melds into your body.
Your roots penetrate the ground.
You fall into the water!
You can't survive in this terrain!
You fly above the water, but the process is draining.
Splash!
You fall into the deep water.
You sink to the bottom.
Moving in this stuff is going to be slow.
You feel drained.
The centaur hits you but does no damage.
The centaur kicks you but does no damage.
You now have 6/78 hp.
Unknown command.
Unknown command.
You cannot move.
You cannot move.
You cannot move.
Unknown command.
Unknown command.
It was a potion of magic.
Magic washes over you without effect.
You feel drained.
The centaur hits you but does no damage.
The centaur kicks you but does no damage.
You puncture the centaur!
The centaur is moderately wounded.
You feel drained.
The centaur hits you but does no damage.
You block the centaur's attack.
You barely miss the centaur.
The centaur is moderately wounded.
You feel drained. The centaur hits you.
* * * LOW HITPOINT WARNING * * *
The centaur kicks you but does no damage.
The centaur hits you but does no damage.
The centaur kicks you but does no damage.
You take 2 damage, and have 5/69 hp.
You hit the centaur.
The centaur is heavily wounded.
You feel drained. The centaur hits you.
You die...

########### # ###############
# ?.............[ . ###.
####.## #. ###... #.....# .#
......#########.###.### ##.
###.#.......c..........# #
.........O.♣≈≈≈≈......# #
#.#.....≈≈≈≈≈≈≈≈≈....# #
#.....≈≈≈≈≈≈≈≈≈≈≈≈≈..# #
#...≈≈≈≈≈≈...≈≈≈≈≈≈.# #
#..........>.≈≈≈≈≈≈.######
#####.>.≈≈≈≈≈≈...≈≈≈≈≈≈.......
.......≈≈≈≈≈≈≈≈≈≈≈≈≈≈≈.######
...#.#..≈≈≈≈≈≈≈≈≈≈≈≈≈..# #
##.#.....(≈≈≈≈≈≈≈≈≈....# #


You could see an ogre and a centaur.

Vanquished Creatures
  An ogre (D:5)
  3 scorpions
  A howler monkey (D:5)
  A centaur zombie (D:5)
  An orc priest (D:3)
  A centaur skeleton (D:5)
  2 hounds
  An iguana (D:3)
  2 orc wizards
  A gnoll (D:3)
  6 adders
  A shadow imp (D:5)
  3 dart slugs
  2 orcs
  7 ball pythons
  5 bats
  8 endoplasms
  2 giant cockroaches
  5 goblins
  5 hobgoblins
  13 jackals
  4 kobolds
  2 quokkas
  4 frilled lizards
  3 rats
84 creatures vanquished.

Vanquished Creatures (collateral kills)
  2 gnolls (D:3)
2 creatures vanquished.

Vanquished Creatures (others)
  28 plants (D:3)
  A withered plant (D:1)
29 creatures vanquished.

Grand Total: 115 creatures vanquished

Notes
Turn   | Place    | Note
-------+----------+-------------------------------------------
     0 | D:1      | gimp the Djinni Wanderer began the quest for the Orb.
     0 | D:1      | Reached XP level 1. HP: 17/17 MP: 0/0
   186 | D:1      | Reached XP level 2. HP: 16/23 MP: 0/0
   197 | D:1      | Reached skill level 2 in Fighting
   606 | D:1      | Found a faded altar of an unknown god.
   689 | D:1      | Reached XP level 3. HP: 27/29 MP: 0/0
   689 | D:1      | Learned a level 1 spell: Foxfire
   927 | D:1      | Reached skill level 3 in Fighting
  1882 | D:2      | Noticed Sigmund
  2101 | D:3      | Reached XP level 4. HP: 35/35 MP: 0/0
  2692 | D:3      | Found a blossoming altar of Fedhas.
  3189 | D:4      | Noticed a scorpion
  3204 | D:4      | Killed a scorpion
  3205 | D:4      | Reached skill level 1 in Polearms
  3205 | D:4      | Reached XP level 5. HP: 5/41 MP: 0/0
  3205 | D:4      | Learned a level 2 spell: Blink
  3580 | D:4      | Found a burning altar of Makhleb.
  3606 | D:4      | Reached skill level 4 in Fighting
  3797 | D:4      | Reached XP level 6. HP: 47/47 MP: 0/0
  5374 | D:4      | Reached XP level 7. HP: 53/53 MP: 0/0
  5374 | D:4      | Learned a level 3 spell: Stone Arrow
  5467 | D:4      | Found a glowing golden altar of the Shining One.
  5714 | D:5      | Entered Level 5 of the Dungeon
  6151 | D:5      | Reached skill level 5 in Fighting
  6349 | D:5      | Found a staircase to the Ecumenical Temple.
  6382 | Temple   | Entered the Ecumenical Temple
  6524 | Temple   | Became a worshipper of Warmaster Okawaru
  6632 | D:5      | HP: 2/54 [centaur/arrow (9)]
  6640 | D:5      | Slain by a centaur

Illustrated notes

Levels and vault maps discovered:
D:1:      co_arrival_random_square_maze, layout_loops_ring,
          ebering_ecumenical_altar_petrified
D:2:      kennysheep_six_static_rooms, layout_basic, uniq_sigmund
D:3:      layout_basic, fedhas_altar_4, serial_bayou, serial_bayou_pond_a,
          serial_bayou_lagoon_a, serial_bayou_shore_b, serial_bayou_pond_c,
          serial_bayou_shore_b
D:4:      layout_loops_ring, makhleb_blood_cavern_becter, minitemple
D:5:      layout_loops_ring, temple_pool_b, gammafunk_ghost_icy
Temple:   nicolae_temple_elliptical

Skill      XL: |  1  2  3  4  5  6  7 |
---------------+----------------------+-----
Fighting       | 2 3 4 5 |  5.0
Armour         | 2 3 4 |  4.1
Polearms       | 1 2 3 |  3.8
Dodging        | |  2.1
Unarmed Combat | |  2.0
Evocations     | |  4.0

Action                   |  1- 3 |  4- 6 |  7- 9 || total
-------------------------+-------+-------+-------++-------
Melee: Dagger            |   232 |    99 |       ||   331
       Punch             |     5 |     3 |       ||     8
       Trident           |       |   102 |    61 ||   163
Throw: Dart              |       |    36 |    20 ||    56
Evoke: Box of beasts     |       |     1 |       ||     1
  Use: Potion            |       |     2 |     5 ||     7
 Stab: Sleeping          |     2 |     1 |       ||     3
       Distracted        |       |     1 |       ||     1
Armor: Leather armour    |    68 |    68 |    22 ||   158
       Skin              |       |       |     8 ||     8
Dodge: Dodged            |   159 |   133 |    66 ||   358
Block: Buckler           |       |       |     3 ||     3

Table legend: (Time is in decaauts)
 A = Elapsed time spent in this place.
 B = Non-inter-level travel time spent in this place.
 C = Inter-level travel time spent in this place.
 D = Time resting spent in this place.
 E = Time spent auto-exploring this place.
 F = Levels seen in this place.
 G = Mean time per level.
                   A        B        C        D        E       F      G
               +--------+--------+--------+--------+--------+-----+--------+
         Total |   6671 |   6555 |    116 |    673 |   4558 |   6 | 1111.8 |
       Dungeon |   6499 |   6411 |     88 |    673 |   4444 |   5 | 1299.8 |
        Temple |    171 |    143 |     28 |      0 |    114 |   1 |  171.0 |
               +--------+--------+--------+--------+--------+-----+--------+

Top non-repeatable levels by time:
     D:3: 2100 daAuts
     D:1: 1765 daAuts
     D:4: 1738 daAuts
     D:5: 758 daAuts
  Temple: 171 daAuts
     D:2: 137 daAuts
